 Dungeon Crawl Stone Soup version 0.31-a0-963-ga325b2283a (webtiles) character file.

Game seed: 10073182678759904169

8836 Hubris850 the Thaumaturge (level 11, -11/54 HPs)
             Began as a Deep Elf Conjurer on Oct 24, 2023.
             Was a Believer of Ru.
             Mangled by a skyshark (24 damage)
             ... on level 1 of the Lair of Beasts.
             The game lasted 00:42:10 (9731 turns).

Hubris850 the Thaumaturge (Deep Elf Conjurer)       Turns: 9731, Time: 00:42:11

Health: -11/54     AC:  7    Str:  4    XL:     11   Next: 15%
Magic:  20/40      EV: 17    Int: 28    God:    Ru [**....]
Gold:   515        SH:  6    Dex: 13    Spells: 19/38 levels left

rFire   . . .        C - +1 whip (distort)
rCold   . . .        L - +2 buckler {reflect}
rNeg    . . .        Q - +0 robe of the Meadowlark {Will+}
rPois   .            d - +0 helmet
rElec   .            q - +0 cloak
rCorr   .            g - +2 pair of gloves
SInv    .            (no boots)
Will    ++...        w - amulet of regeneration
Stlth   +++          l - +5 ring of evasion
HPRegen 1.09/turn    n - ring of magical power
MPRegen 0.27/turn

%: reflection
@: lethally poisoned (-11 -> -12), about to teleport
A: inability to use devices
a: Renounce Religion


You were on level 1 of the Lair of Beasts.
You worshipped Ru.
Ru was pleased with you.
You visited 3 branches of the dungeon, and saw 12 of its levels.
You also visited: Sewer.

You collected 515 gold pieces.

Inventory:

Hand Weapons
 e - a +0 dagger
 o - a +0 short sword
 C - a +1 whip of distortion (weapon)
 G - a +4 whip
 N - a +4 vampiric dagger
 O - a +2 falchion
Missiles
 a - a curare-tipped dart
 f - 2 javelins
 h - 24 poisoned darts
Armour
 c - an orb of guile
 d - a +0 helmet (worn)
 g - a +2 pair of gloves (worn)
 j - a +2 plate armour of cold resistance
 p - a scarf of harm
 q - a +0 cloak (worn)
 r - a +0 buckler
 H - a +0 leather armour of fire resistance
 L - a +2 buckler of reflection (worn)
 Q - the +0 robe of the Meadowlark (worn) {Will+}
   (You found it on level 8 of the Dungeon)

   Will+:     It increases your willpower.
 T - +0 swamp dragon scales
Jewellery
 l - a +5 ring of evasion (left hand)
 n - a ring of magical power (right hand)
 w - an amulet of regeneration (around neck)
 F - a ring of flight
 J - a +6 ring of strength
 K - a ring of willpower
 P - a +4 ring of protection
Wands
 E - a wand of flame (19)
Scrolls
 v - a scroll of vulnerability {unknown}
 x - a scroll of amnesia
 y - a scroll of immolation {unknown}
 B - 3 scrolls of fear
 D - a scroll of blinking {unknown}
 I - a scroll of poison {unknown}
 M - a scroll of enchant weapon {unknown}
 R - a scroll of enchant armour {unknown}
Potions
 b - a potion of magic
 i - 3 potions of brilliance
 k - 2 potions of attraction
 s - a potion of enlightenment
 t - a potion of mutation
 u - 2 potions of might
 z - 6 potions of curing {unknown}
 A - a potion of lignification {unknown}
 S - a potion of invisibility {unknown}
 U - a potion of haste {unknown}


   Skills:
 - Level 3.5 Dodging
 - Level 5.0 Stealth
 + Level 14.2 Spellcasting
 + Level 12.5 Conjurations
 - Level 3.0 Summonings
 - Level 2.0 Translocations
 - Level 3.0 Air Magic
 - Level 6.0 Poison Magic


You had 19 spell levels left.
You knew the following spells:

 Your Spells              Type           Power      Damage    Failure   Level
a - Magic Dart            Conj           100%       1d8       1%          1
b - Searing Ray           Conj           100%       2d8       1%          2
c - Fulminant Prism       Conj/Hex       26%        3d14      4%          4
d - Apportation           Tloc           62%        N/A       2%          1
e - Poisonous Vapours     Pois/Air       90%        N/A       1%          2
f - Olgreb's Toxic Radia  Pois           52%        N/A       4%          4
g - Iskenderun's Battles  Conj           74%        2d12      1%          5

Your spell library contained the following spells:

 Spells                   Type           Power      Damage    Failure   Level
 Sting                    Tmut/Pois      100%       1d8       1%          1
 Summon Small Mammal      Summ           100%       N/A       1%          1
 Momentum Strike          Conj/Tloc      100%       3d10      1%          2
 Dazzling Flash           Conj/Hex       100%       N/A       1%          3
 Iskenderun's Mystic Bla  Conj/Tloc      57%        2d12      2%          4
 Blink                    Tloc           62%        N/A       3%          2
 Lesser Beckoning         Tloc           62%        N/A       3%          2
 Necrotise                Necr           76%        1d7       5%          1
 Gell's Gravitas          Tloc           31%        N/A       7%          3
 Teleport Other           Tloc           31%        N/A       7%          3
 Volatile Blastmotes      Fire/Tloc      50%        2d14      11%         3
 Inner Flame              Hex/Fire       19%        N/A       16%         3
 Vampiric Draining        Necr           19%        2d7       16%         3
 Bombard                  Conj/Erth      26%        9d5       54%         6
 Agony                    Necr           19%        N/A       83%         5
 Yara's Violent Unravell  Hex/Tmut       9%         3d6       83%         5
 Spellforged Servitor     Conj/Summ      29%        N/A       88%         7
 Enfeeble                 Hex            9%         N/A       100%        7


Dungeon Overview and Level Annotations

Branches:
Dungeon (10/15)            Temple (1/1) D:7            Lair (1/5) D:9
  Sewer (visited)
    Orc: D:9-12

Altars:
Ashenzari
Cheibriados
Dithmenos
Elyvilon
Fedhas
Gozag
Hepliaklqana
Kikubaaqudgha
Makhleb
Nemelex Xobeh
Okawaru
Qazlal
Ru
Sif Muna
Trog
Uskayaw
Vehumet
Wu Jian
Xom
Yredelemnul
Zin
The Shining One

Shops:
D:1 ?   D:5 :

Annotations:
Lair:1 Fannar


Innate Abilities, Weirdness & Mutations

You cannot study or use magical devices.


Message History

The black mamba is severely wounded.
You feel very sick. You block the black mamba's attack.
The black mamba misses you.
Your fulminant prism crackles loudly.
Casting: Fulminant Prism (dangerous; 4% risk of failure)
Confirm with . or Enter, or press ? or * to list all spells.
You don't know that spell.
You closely miss the black mamba.
The black mamba is severely wounded.
You feel very sick.
You feel a bit more experienced. The black mamba bites you!
The black mamba closely misses you.
Your fulminant prism explodes!
The blast of energy engulfs the skyshark!!
The skyshark is heavily wounded.
The blast of energy engulfs the yak!!
You kill the yak!
The blast of energy engulfs Fannar!!
Fannar is moderately wounded.
The blast of energy engulfs the black mamba!!
You kill the black mamba!
Unknown command.
Casting: Fulminant Prism (dangerous; 4% risk of failure)
Confirm with . or Enter, or press ? or * to list all spells.
Okay, then.
Unknown command.
As you read the scroll of teleportation, it crumbles to dust.
You feel strangely unstable.
You feel very sick. You block the catoblepas's attack.
Fannar says, "An icy embrace awaits you..."
The skyshark bites you!
The skyshark tastes blood and grows stronger!
The skyshark tail-slaps you.
* * * LOW HITPOINT WARNING * * *
The skyshark tail-slaps you.
* * * LOW HITPOINT WARNING * * *
Unknown command.
You feel sick. The skyshark attacks as it pursues you! The skyshark bites you!!
You die...

[..# ...# .....# ...
....#.... ##..
#.......# #.e.
##...#...#
#...####~...#...##
##..†........#....#
#....lY......#....#
####.#@#.###.#.P..# ##
#...........†.P..###..
#######.#.........#...
###.P##.#.....~.
########.~~~~~
#..~≈≈~≈ ##.~~~≈≈≈
#..~~~.~. #..≈~~~<.


You could see Fannar, a catoblepas (very poisoned) and a skyshark (strong,
poisoned).

Vanquished Creatures
  A two-headed ogre (D:8)
  A deep elf zephyrmancer (D:7)
  A black mamba (Lair:1)
  A cane toad (Lair:1)
  Psyche (D:8)
  Jeremiah (D:9)
  A troll (D:9)
  A hornet (D:4)
  Prince Ribbit (D:6)
  13 yaks
  A wraith (D:8)
  2 wyverns (D:9)
  3 basilisks
  An acid dragon (D:8)
  A water moccasin (Lair:1)
  A swamp drake (D:9)
  2 ice beasts
  A sky beast (D:7)
  2 orc warriors
  2 black bears
  A centaur (D:8)
  2 ogres
  3 kobold brigands
  Blork the orc (D:4)
  2 bullfrogs
  3 scorpions
  6 wights
  6 killer bees (D:9)
  5 howler monkeys
  3 hounds
  A jelly (D:4)
  3 orc priests
  2 gnoll boudas
  3 iguanas
  A sleepcap (D:3)
  4 orc wizards
  10 adders
  15 gnolls
  2 worms
  2 dart slugs
  13 orcs
  12 ball pythons
  7 bats
  6 endoplasms
  2 giant cockroaches
  6 goblins
  2 hobgoblins
  3 quokkas
  6 frilled lizards
  14 kobolds
  9 rats
193 creatures vanquished.

Vanquished Creatures (others)
  A kobold (D:9)
  A fulminant prism (Lair:1)
2 creatures vanquished.

Grand Total: 195 creatures vanquished

Notes
Turn   | Place    | Note
-------+----------+-------------------------------------------
     0 | D:1      | Hubris850 the Deep Elf Conjurer began the quest for the
                  | Orb.
     0 | D:1      | Reached XP level 1. HP: 10/10 MP: 6/6
    83 | D:1      | Found Cisos's Magic Scroll Shop.
   239 | D:1      | Reached XP level 2. HP: 15/15 MP: 5/8
   945 | D:2      | Learned a level 2 spell: Searing Ray
  1033 | D:2      | Reached XP level 3. HP: 19/19 MP: 8/10
  1263 | D:2      | Learned a level 1 spell: Summon Small Mammal
  1396 | D:2      | You fall into a shaft and drop 1 floor!
  1499 | D:3      | Found a faded altar of an unknown god.
  1604 | D:3      | Learned a level 1 spell: Apportation
  1641 | D:3      | Reached XP level 4. HP: 24/24 MP: 11/11
  1729 | D:2      | Learned a level 2 spell: Poisonous Vapours
  1852 | D:2      | Reached skill level 1 in Summonings
  1969 | D:2      | Identified a scroll of acquirement
  1969 | D:2      | Acquired a book of Power
  2503 | D:3      | Reached skill level 4 in Spellcasting
  2503 | D:3      | Reached skill level 5 in Conjurations
  2658 | D:4      | Reached XP level 5. HP: 28/28 MP: 13/13
  2727 | D:4      | Reached skill level 1 in Translocations
  2727 | D:4      | Reached skill level 1 in Air Magic
  2727 | D:4      | Reached skill level 1 in Poison Magic
  2851 | D:4      | Noticed a hornet
  2859 | D:4      | Killed a hornet
  2860 | D:4      | Reached XP level 6. HP: 32/32 MP: 12/15
  2961 | D:4      | Reached skill level 5 in Spellcasting
  2961 | D:4      | Reached XP level 7. HP: 30/36 MP: 16/16
  3257 | D:4      | Noticed Blork the orc
  3267 | D:4      | Killed Blork the orc
  3459 | D:5      | Entered Level 5 of the Dungeon
  3474 | D:5      | Reached skill level 5 in Stealth
  3615 | D:5      | Found a glowing drain.
  3624 | Sewer    | Entered a sewer
  4044 | D:5      | Found Goaczev's Self-Published Books.
  4876 | D:5      | Reached skill level 6 in Spellcasting
  5019 | D:6      | Found a basalt altar of Yredelemnul.
  5040 | D:6      | Reached XP level 8. HP: 41/41 MP: 19/19
  5236 | D:6      | Reached skill level 7 in Spellcasting
  5237 | D:6      | Reached skill level 5 in Poison Magic
  5384 | D:6      | Learned a level 4 spell: Olgreb's Toxic Radiance
  5390 | D:6      | Learned a level 5 spell: Iskenderun's Battlesphere
  5480 | D:6      | Reached skill level 8 in Spellcasting
  5669 | D:6      | Noticed Prince Ribbit
  5676 | D:6      | Killed Prince Ribbit
  5677 | D:6      | Reached XP level 9. HP: 45/45 MP: 22/23
  6063 | D:7      | Found a staircase to the Ecumenical Temple.
  6087 | Temple   | Entered the Ecumenical Temple
  6109 | Temple   | Became a worshipper of Ru the Awakened
  6236 | D:7      | Reached skill level 9 in Spellcasting
  6550 | D:7      | Noticed a deep elf zephyrmancer
  6554 | D:7      | Killed a deep elf zephyrmancer
  6624 | D:7      | Reached skill level 10 in Spellcasting
  6779 | D:7      | Found a sparkling altar of Nemelex Xobeh.
  6913 | D:8      | Noticed a two-headed ogre
  6920 | D:8      | Killed a two-headed ogre
  6921 | D:8      | Reached skill level 11 in Spellcasting
  6981 | D:8      | Noticed Psyche
  6985 | D:8      | Killed Psyche
  6986 | D:8      | Reached skill level 10 in Conjurations
  6986 | D:8      | Reached XP level 10. HP: 50/50 MP: 27/27
  7207 | D:8      | Gained mutation: You cannot study or use magical devices.
                  | [Ru sacrifice]
  7207 | D:8      | Reached * piety under Ru
  7207 | D:8      | Reached ** piety under Ru
  7585 | D:8      | Reached skill level 12 in Spellcasting
  7788 | D:8      | Learned a level 4 spell: Fulminant Prism
  7862 | D:8      | Identified the +0 robe of the Meadowlark {Will+}
  8310 | D:9      | Noticed Jeremiah
  8319 | D:9      | Killed Jeremiah
  8539 | D:9      | Reached skill level 13 in Spellcasting
  8632 | D:9      | Found a staircase to the Lair.
  9514 | D:10     | Entered Level 10 of the Dungeon
  9528 | D:9      | Reached XP level 11. HP: 20/54 MP: 25/30
  9647 | D:13     | Identified the "Xuysukky"
  9647 | Lair:1   | Entered Level 1 of the Lair of Beasts
  9722 | Lair:1   | Noticed a catoblepas
  9725 | Lair:1   | Reached skill level 14 in Spellcasting
  9725 | Lair:1   | Noticed a skyshark
  9727 | Lair:1   | Noticed Fannar
  9731 | Lair:1   | Mangled by a skyshark

Illustrated notes

Levels and vault maps discovered:
D:1:      dpeg_arrival_water_temple_mockup, layout_basic, serial_shops, shop
D:2:      layout_rooms
D:3:      layout_loops_cross, hellmonk_ecumenical_altar_heavens_door
D:4:      layout_loops_ring, minmay_misc_feat_rows, chequers_arboretum,
          uniq_blork_the_orc
D:5:      layout_basic, portal_sewer_entry_d, fountainhead,
          nicolae_custom_books, kennysheep_another_room
D:6:      layout_rooms, mainiacjoe_overflow_alcove_2, uniq_prince_ribbit1
D:7:      layout_cave_pools, nemelex_dance_club_becter,
          minmay_temple_entry_ruins, guppyfry_early_elven_hall
D:8:      layout_layer_cave, uniq_psyche
D:9:      layout_irregular_city, erik_lair_dragon, uniq_jeremiah
D:10:     layout_rooms, orc_0_dummy
Temple:   nicolae_temple_bog_church
Lair:1:   layout_cave_pods, hangedman_lair_generics_rect,
          infiniplex_staircase_pool_2, grunt_megastairs_1, uniq_fannar

Skill      XL: |  1  2  3  4  5  6  7  8  9 10 11 |
---------------+----------------------------------+-----
Stealth        | 3 4 5 |  5.0
Dodging        | 3 |  3.5
Summonings     | 1 2 3 |  3.0
Spellcasting   | 4 5 6 8 11 13 14 | 14.2
Conjurations   | 5 6 7 10 12 | 12.5
Translocations | 1 2 |  2.0
Air Magic      | 1 2 3 |  3.0
Poison Magic   | 1 2 3 5 6 |  6.0

Action                     |  1- 3 |  4- 6 |  7- 9 | 10-12 || total
---------------------------+-------+-------+-------+-------++-------
  Melee: Dagger            |       |    11 |     5 |       ||    16
         Whip              |       |       |    28 |    15 ||    43
  Throw: Dart              |       |     1 |       |       ||     1
   Cast: Magic Dart        |    73 |    49 |   135 |   100 ||   357
         Searing Ray       |     1 |     1 |    14 |     3 ||    19
         Apportation       |       |     1 |       |       ||     1
         Poisonous Vapours |       |    10 |    22 |     4 ||    36
         Summon Small Mamm |       |     3 |     1 |       ||     4
         Iskenderun's Batt |       |       |    10 |    19 ||    29
         Olgreb's Toxic Ra |       |       |     5 |    16 ||    21
         Fulminant Prism   |       |       |       |     1 ||     1
 Invoke: Sacrifice Artific |       |       |       |     1 ||     1
    Use: Scroll            |       |     5 |     7 |     2 ||    14
         Potion            |       |     1 |       |       ||     1
 Armour: Ring mail         |     1 |     5 |       |       ||     6
         Robe              |       |    10 |    23 |    22 ||    55
  Dodge: Dodged            |     2 |    24 |    52 |    38 ||   116
  Block: Buckler           |       |     4 |     7 |    15 ||    26
         Reflection        |       |       |       |     2 ||     2

Table legend: (Time is in decaauts)
 A = Elapsed time spent in this place.
 B = Non-inter-level travel time spent in this place.
 C = Inter-level travel time spent in this place.
 D = Time resting spent in this place.
 E = Time spent auto-exploring this place.
 F = Levels seen in this place.
 G = Mean time per level.
                   A        B        C        D        E       F      G
               +--------+--------+--------+--------+--------+-----+--------+
         Total |   9808 |   9497 |    311 |   1094 |   6557 |  13 |  754.5 |
       Dungeon |   9341 |   9049 |    292 |   1051 |   6499 |  10 |  934.1 |
        Temple |     41 |     23 |     18 |      0 |      0 |   1 |   41.0 |
          Lair |     85 |     85 |      0 |      0 |     58 |   1 |   85.0 |
         Sewer |    340 |    340 |      0 |     43 |      0 |   1 |  340.0 |
               +--------+--------+--------+--------+--------+-----+--------+

Top non-repeatable levels by time:
     D:8: 1396 daAuts
     D:9: 1347 daAuts
     D:5: 1287 daAuts
     D:6: 949 daAuts
     D:1: 940 daAuts
     D:4: 910 daAuts
     D:7: 897 daAuts
     D:3: 883 daAuts
     D:2: 723 daAuts
   Sewer: 340 daAuts
  Lair:1: 85 daAuts
  Temple: 41 daAuts
    D:10: 4 daAuts
